 Dungeon Crawl Stone Soup version 0.28-a0-589-g333b8329f1 (webtiles) character file.

Game seed: 11916844125725289771

16256 freelancePsychic the Fighter (level 12, -3/93 HPs)
             Began as a Djinni Earth Elementalist on Oct 3, 2021.
             Was a High Priest of Elyvilon.
             Killed by divine providence
             ... invoked by a smoke demon
             ... summoned by an orc sorcerer
              (16 damage)
             ... on level 2 of the Orcish Mines.
             The game lasted 00:20:59 (13730 turns).

freelancePsychic the Fighter (DjEE)                Turns: 13730, Time: 00:21:00

Health: -3/93      AC: 10    Str:  7    XL:     12   Next: 67%
Gold:   1295       EV: 13    Int: 20    God:    Elyvilon [*****.] SH:  0 Dex: 16

rFire   + + .      SeeInvis .   (no weapon)
rCold   x . .      Faith    .   (no shield)
rNeg    . . .      Spirit   .   z - +0 troll leather armour
rPois   ∞          Reflect  .   g - +0 helmet
rElec   .          Harm     .   e - +0 cloak
rCorr   .          Rampage  .   (no gloves)
Will    +....                   (boots unavailable)
Stlth   ++........              y - amulet of regeneration
HPRegen 2.25/turn               u - +4 ring of protection
MPRegen 0.00/turn               (no ring)

@: about to teleport, flying
A: sickness immunity, fire resistance 2, cold vulnerability 1, float, innate
caster, hp casting, extra vitality 1
a: Renounce Religion, Lesser Healing, Heal Other, Purification, Greater Healing,
Divine Vigour, Divine Protection


You were on level 2 of the Orcish Mines.
You worshipped Elyvilon.
Elyvilon was extremely pleased with you.
You visited 2 branches of the dungeon, and saw 13 of its levels.

You collected 1334 gold pieces.
You spent 39 gold pieces at shops.

Inventory:

Missiles
 c - 35 stones
Armour
 e - a +0 cloak (worn)
 g - a +0 helmet (worn)
 z - a +0 troll leather armour (worn)
Jewellery
 b - a ring of wizardry
 u - a +4 ring of protection (left hand)
 y - an amulet of regeneration (around neck)
Wands
 a - a wand of flame (13)
 n - a wand of mindburst (5)
 v - a wand of digging (8)
 x - a wand of charming (8)
Scrolls
 f - a scroll of fog
 k - 4 scrolls of teleportation {@r4}
 t - a scroll of summoning
 A - 2 scrolls of identify {@r1}
Potions
 d - 2 potions of heal wounds {@q2}
 h - a potion of ambrosia {unknown}
 i - a potion of might {unknown}
 j - a potion of haste {unknown}
 l - 3 potions of brilliance {unknown}
 m - a potion of resistance {unknown}
 r - 5 potions of curing {@q1}
 s - a potion of berserk rage {unknown}
 w - 2 potions of invisibility {unknown}


   Skills:
 + Level 10.7 Fighting
 + Level 5.5 Dodging
 - Level 1.5 Stealth
 + Level 10.2 Spellcasting
 - Level 10.0 Invocations


You had 7 spell levels left.
You knew the following spells:

 Your Spells              Type           Power      Damage    Failure   Level
a - Sandblast             Erth           100%       2d20      1%          1
b - Passwall              Tmut/Erth      41%        N/A       1%          2
c - Stone Arrow           Conj/Erth      100%       3d13      1%          3
d - Olgreb's Toxic Radia  Pois           50%        N/A       1%          4
e - Summon Forest         Summ/Tloc      25%        N/A       4%          5
f - Corpse Rot            Necr/Air       N/A        N/A       1%          2
g - Scorch                Fire           100%       2d10      1%          2
h - Petrify               Tmut/Erth      50%        N/A       1%          4
i - Apportation           Tloc           100%       N/A       1%          1
Your spell library was empty.

Dungeon Overview and Level Annotations

Branches:
Dungeon (11/15)            Temple (0/1) D:7            Lair (0/6) D:11
    Orc (2/2) D:9
    Elf: Orc:2

Altars:
Dithmenos
Elyvilon
Gozag
Hepliaklqana
Kikubaaqudgha
Makhleb
Okawaru
Qazlal
Sif Muna
Uskayaw
Wu Jian
Xom
Beogh

Shops:
D:3 (   D:4 !   D:8 (

Annotations:
D:10 3 runed translucent doors, lunkers's ghost, journeyman TrCA


Innate Abilities, Weirdness & Mutations

You are immune to sickness and miasma.
You are immune to poison.
Your flesh is very heat resistant. (rF++)
You are vulnerable to cold. (rC-)
You float through the air rather than walking.
You learn spells naturally, not from books.
Your magical power is your life essence.
You have superior vitality. (+4 HP)


Message History

You kill the orc warrior!
The chaos spawn is poisoned.
The orc priest is poisoned. x2
The orc knight looks even sicker.
The orc sorcerer looks even sicker.
The orc priest looks even sicker.
The orc knight looks even sicker.
The orc priest no longer looks unusually strong.
The orc knight roars a battlecry!
The orcs go into a battle-frenzy!
The hellwing hits you but does no damage.
The hellwing barely misses you.
The chaos spawn looks even sicker.
The orc priest is poisoned.
The orc priest looks even sicker.
The orc high priest no longer looks unusually strong.
The orc high priest looks more healthy.
The orc knight roars a battlecry!
The orc high priest goes into a battle-frenzy!
The orc priest calls upon Beogh to heal the orc warrior.
The orc warrior is healed somewhat.
The orc high priest prays.
Press: ? - help, v - describe, . - travel
Here: an orc high priest, wielding a +0 battleaxe (moderately wounded, strong)
The floor.
As you read the scroll of teleportation {@r4}, it crumbles to dust.
You feel strangely unstable.
The orc warrior looks even sicker.
The chaos spawn looks even sicker.
The orc sorcerer looks even sicker.
The orc priest looks even sicker.
The orc high priest is poisoned.
Your toxic aura wanes.
You kill the orc priest!
The orc priest miscasts a cantrip.
The hellwing hits you but does no damage. x2
The smoke demon gestures at you. Something smites you!
You kill the orc priest!
The orc sorcerer mumbles some strange words.
The chaos spawn hits you!
* * * LOW HITPOINT WARNING * * *
The chaos spawn shocks you!
* * * LOW HITPOINT WARNING * * *
The smoke demon gestures at you. Something smites you!
You die...

.....##.... ..........
.......... ........
......## ###### ##......#
######..#.# ##......##
#.........####..@.....#
#...........##.........#
.......#.....o44.........
..§...##...3)4....#......
...#####....o..#######...
.oO.#.##..oo....####.....
.)o...#.).)........#.....
..##..
###o....)3..###........#
#...#..
##.#...).#.##..........#
#......


You could see an orc knight (strong, very poisoned), an orc high priest (strong,
poisoned), a hellwing (summoned), a rust devil (summoned), a sixfirhy
(summoned), a smoke demon (summoned), a chaos spawn (summoned, very poisoned),
an orc sorcerer (strong, very poisoned) and an orc warrior (strong, very
poisoned).

Vanquished Creatures
  5 two-headed ogres
  3 orc high priests
  3 orc knights (Orc:2)
  4 orc sorcerers (Orc:2)
  A cyclops (D:11)
  2 trolls
  A wyvern (D:9)
  Grum (D:9)
  9 yaks
  3 wargs
  2 vampire mosquitoes (D:10)
  Edmund (D:5)
  A water moccasin (D:7)
  2 black bears (D:4)
  9 orc warriors
  A sky beast (D:7)
  3 ice beasts
  4 ogres
  3 necrophages (D:6)
  2 wolves (D:9)
  6 centaurs
  2 phantoms
  3 kobold brigands
  Blork the orc (D:4)
  3 bullfrogs
  A scorpion (D:5)
  A wyvern skeleton (D:6)
  A water moccasin zombie (D:5)
  2 water moccasin skeletons
  7 killer bees (D:10)
  10 wights
  A nameless horror (D:10)
  A howler monkey (D:5)
  An electric eel (D:8)
  5 centaur zombies
  9 orc priests
  2 centaur skeletons (D:5)
  2 gnoll shamans
  A jelly (D:6)
  13 orc wizards
  An iguana (D:7)
  A hound zombie (D:5)
  A hound skeleton (D:4)
  12 gnolls
  8 adders
  A white imp (D:5)
  3 ufetubi
  An adder skeleton (D:4)
  A worm (D:2)
  5 dart slugs
  37 orcs
  7 bats
  4 endoplasms
  12 giant cockroaches
  5 goblins
  3 hobgoblins
  8 jackals
  2 quokkas
  4 ball pythons
  4 frilled lizards
  17 kobolds
  6 rats
275 creatures vanquished.

Vanquished Creatures (collateral kills)
  A gnoll sergeant (D:10)
  2 wights (D:9)
  3 gnolls (D:10)
6 creatures vanquished.

Vanquished Creatures (others)
  A plant (D:8)
1 creature vanquished.

Grand Total: 282 creatures vanquished

Notes
Turn   | Place    | Note
-------+----------+-------------------------------------------
     0 | D:1      | freelancePsychic the Djinni Earth Elementalist began the
                  | quest for the Orb.
     0 | D:1      | Reached XP level 1. HP: 15/15 MP: 0/0
    33 | D:1      | Reached XP level 2. HP: 13/21 MP: 0/0
   502 | D:1      | Reached XP level 3. HP: 21/25 MP: 0/0
   502 | D:1      | Learned a level 1 spell: Apportation
  1213 | D:2      | Reached XP level 4. HP: 28/31 MP: 0/0
  2398 | D:3      | Reached XP level 5. HP: 34/35 MP: 0/0
  2398 | D:3      | Learned a level 2 spell: Corpse Rot
  2458 | D:3      | Found a faded altar of an unknown god.
  2597 | D:3      | Found Vuroy's Weapon Shoppe.
  2959 | D:3      | Found an iron altar of Okawaru.
  3161 | D:4      | Found a white marble altar of Elyvilon.
  3202 | D:4      | Became a worshipper of Elyvilon the Healer
  3235 | D:4      | Noticed a black bear
  3238 | D:4      | Noticed a black bear
  3244 | D:4      | Killed a black bear
  3245 | D:4      | Reached skill level 5 in Spellcasting
  3245 | D:4      | Reached XP level 6. HP: 30/40 MP: 0/0
  3322 | D:4      | Killed a black bear
  3441 | D:4      | Reached skill level 1 in Invocations
  3441 | D:4      | Reached XP level 7. HP: 23/45 MP: 0/0
  3441 | D:4      | Learned a level 2 spell: Scorch
  3721 | D:4      | Noticed Blork the orc
  3727 | D:4      | Killed Blork the orc
  3883 | D:4      | Reached * piety under Elyvilon
  3999 | D:4      | Found Egeroplu's Distillery.
  4007 | D:4      | Bought a potion of curing for 39 gold pieces
  4042 | D:5      | Entered Level 5 of the Dungeon
  4060 | D:5      | Noticed Edmund
  4066 | D:5      | Killed Edmund
  4067 | D:5      | Reached skill level 1 in Fighting
  4239 | D:5      | Reached XP level 8. HP: 22/54 MP: 0/0
  4426 | D:5      | Found a shadowy altar of Dithmenos.
  4977 | D:5      | You are sucked into a shaft and drop 2 floors!
  5231 | D:6      | Reached ** piety under Elyvilon
  6011 | D:6      | Reached XP level 9. HP: 50/62 MP: 0/0
  6011 | D:6      | Learned a level 4 spell: Olgreb's Toxic Radiance
  6228 | D:6      | Reached skill level 5 in Invocations
  6569 | D:6      | Reached skill level 5 in Fighting
  7151 | D:7      | Reached *** piety under Elyvilon
  7444 | D:7      | Found a hide-covered altar of Uskayaw.
  7995 | D:7      | Found a staircase to the Ecumenical Temple.
  8574 | D:8      | Found Fukkang's Hydra Hut.
  8578 | D:8      | Noticed a four-headed hydra
  8817 | D:8      | Reached XP level 10. HP: 37/72 MP: 0/0
  9416 | D:8      | Reached **** piety under Elyvilon
  9418 | D:8      | Noticed a two-headed ogre
  9424 | D:8      | Killed a two-headed ogre
  9946 | D:9      | Noticed a two-headed ogre
  9952 | D:9      | Killed a two-headed ogre
 10044 | D:9      | Noticed Grum
 10356 | D:9      | Found a hazy altar of Hepliaklqana.
 10373 | D:9      | Killed Grum
 10374 | D:9      | Reached XP level 11. HP: 71/81 MP: 0/0
 10374 | D:9      | Learned a level 5 spell: Summon Forest
 10612 | D:9      | Found a stormy altar of Qazlal.
 10633 | D:9      | Found an ornate altar of the Wu Jian Council.
 10930 | D:9      | Found a shimmering altar of Xom.
 10931 | D:9      | Found an opulent altar of Gozag.
 10935 | D:9      | Found a staircase to the Orcish Mines.
 11245 | D:10     | Entered Level 10 of the Dungeon
 11440 | D:10     | Found a burning altar of Makhleb.
 11738 | D:10     | Found a runed translucent gate.
 11738 | D:10     | Found a runed translucent gate.
 11738 | D:10     | Found a runed translucent gate.
 11803 | D:10     | Found an opulent altar of Gozag.
 11803 | D:10     | Noticed a shining eye
 11804 | D:10     | Noticed lunkers's ghost (journeyman TrCA)
 11804 | D:10     | Noticed an elephant
 11804 | D:10     | a shining eye changed into an elephant
 11804 | D:10     | Noticed a two-headed ogre
 11806 | D:10     | an elephant changed into a yaktaur
 12035 | D:11     | Noticed a two-headed ogre
 12038 | D:11     | Killed a two-headed ogre
 12051 | D:11     | Noticed a cyclops
 12056 | D:11     | Killed a cyclops
 12089 | D:10     | Noticed an orb spider
 12092 | D:10     | an orb spider changed into a black bear
 12094 | D:10     | Noticed an orb spider
 12094 | D:10     | a black bear changed into an orb spider
 12143 | D:11     | Reached ***** piety under Elyvilon
 12322 | D:11     | Noticed a two-headed ogre
 12327 | D:11     | Killed a two-headed ogre
 12670 | D:11     | Found a staircase to the Lair.
 13243 | Orc:1    | Entered Level 1 of the Orcish Mines
 13243 | Orc:1    | Noticed an orc high priest
 13247 | Orc:1    | Killed an orc high priest
 13284 | Orc:1    | Reached skill level 10 in Invocations
 13293 | Orc:1    | Reached XP level 12. HP: 81/91 MP: 0/0
 13464 | Orc:2    | Entered Level 2 of the Orcish Mines
 13469 | Orc:2    | Found Huwnofo's Book Shoppe.
 13689 | Orc:2    | Noticed an orc high priest
 13692 | Orc:2    | Noticed an orc high priest
 13696 | Orc:2    | Noticed a two-headed ogre
 13705 | Orc:2    | Reached skill level 10 in Fighting
 13707 | Orc:2    | Noticed an orc high priest
 13709 | Orc:2    | Killed an orc high priest
 13719 | Orc:2    | Reached skill level 10 in Spellcasting
 13721 | Orc:2    | Killed a two-headed ogre
 13722 | Orc:2    | Reached skill level 5 in Dodging
 13724 | Orc:2    | Killed an orc high priest
 13730 | Orc:2    | Noticed a sixfirhy
 13730 | Orc:2    | Killed from afar by a smoke demon

Illustrated notes

Levels and vault maps discovered:
D:1:      ncdulo_watergridlock, layout_basic, serial_park_tiny_pond,
          minivault_27, corexii_corridor_pit
D:2:      minmay_roachtagon, layout_basic
D:3:      layout_rooms, kennysheep_okawaru_gauntlet,
          nicolae_overflow_crystal_walls, shapermc_ecumenical_altar_rom_forum,
          serial_shops, nicolae_shop_competitors_out_of_business,
          kennysheep_generic_room_5
D:4:      layout_cave_pools, mainiacjoe_overflow_boulevard,
          nicolae_stop_n_shop_1, uniq_blork_the_orc
D:5:      layout_basic, grunt_dithmenos_smoke, serial_glass, glass_columns_c,
          glass_columns_b, glass_columns_a, glass_columns_a, glass_columns_a,
          glass_columns_a, glass_columns_a, glass_columns_a, uniq_edmund
D:6:      layout_basic, amethyst_killhole
D:7:      layout_layer_cave, nicolae_uskayaw_dance_studio,
          nicolae_sif_muna_little_library, minmay_temple_entry_nine_rooms
D:8:      layout_basic, doesnt_shop_hydraphobe
D:9:      layout_rooms, nzn_hepliaklqana_mist_gate,
          nicolae_qazlal_style_of_elements, nicolae_wu_jian_immortal_techniques,
          grunt_temple_overflow_open, orc_0_dummy, uniq_grum
D:10:     layout_long_grid, lemuel_doored_altar, ebering_ghost_gozag, eino_jars
D:11:     layout_stronghold, lair_entry_dummy
Orc:1:    layout_caves
Orc:2:    st_orc_elflike, layout_diamond_mine, serial_shops, shop, basic_altar,
          nicolae_orc_crystal_geode

Skill      XL: |  1  2  3  4  5  6  7  8  9 10 11 12 |
---------------+-------------------------------------+-----
Spellcasting   | 3 4 5 6 7 8 9 10 | 10.2
Invocations    | 1 3 4 6 8 10 | 10.0
Fighting       | 1 4 6 7 9 10 | 10.7
Dodging        | 5 |  5.5
Stealth        | |  1.5

Action                   |  1- 3 |  4- 6 |  7- 9 | 10-12 || total
-------------------------+-------+-------+-------+-------++-------
Melee: Unarmed           |     1 |     1 |       |       ||     2
 Cast: Sandblast         |    34 |    73 |       |       ||   107
       Stone Arrow       |       |    10 |   129 |   145 ||   284
       Corpse Rot        |       |     1 |       |       ||     1
       Olgreb's Toxic Ra |       |       |    11 |    42 ||    53
       Summon Forest     |       |       |       |     4 ||     4
Invok: Lesser Healing    |       |       |     1 |     1 ||     2
       Greater Healing   |       |       |       |     4 ||     4
Evoke: Wand              |       |       |       |     1 ||     1
  Use: Scroll            |       |     1 |     9 |     9 ||    19
       Potion            |       |       |       |     2 ||     2
Armor: Robe              |     2 |    16 |     5 |     8 ||    31
       Troll leather arm |       |       |       |    17 ||    17
Dodge: Dodged            |    10 |    29 |     7 |    48 ||    94

Table legend: (Time is in decaauts)
 A = Elapsed time spent in this place.
 B = Non-inter-level travel time spent in this place.
 C = Inter-level travel time spent in this place.
 D = Time resting spent in this place.
 E = Time spent auto-exploring this place.
 F = Levels seen in this place.
 G = Mean time per level.
                   A        B        C        D        E       F      G
               +--------+--------+--------+--------+--------+-----+--------+
         Total |  13732 |  13230 |    502 |    456 |  11347 |  13 | 1056.3 |
       Dungeon |  13246 |  12762 |    484 |    435 |  11013 |  11 | 1204.2 |
  Orcish Mines |    486 |    469 |     17 |     21 |    334 |   2 |  243.0 |
               +--------+--------+--------+--------+--------+-----+--------+

Top non-repeatable levels by time:
     D:8: 1809 daAuts
     D:7: 1619 daAuts
     D:5: 1407 daAuts
     D:2: 1402 daAuts
     D:6: 1319 daAuts
    D:11: 1106 daAuts
     D:9: 1087 daAuts
     D:1: 993 daAuts
    D:10: 851 daAuts
     D:3: 832 daAuts
     D:4: 816 daAuts
   Orc:2: 265 daAuts
   Orc:1: 220 daAuts
